 Dungeon Crawl Stone Soup version 0.28.0 (webtiles) character file.

Game seed: 11489657447383708729

58961 Sanktem7 the Severer (level 12, -5/114 (117) HPs)
             Began as a Minotaur Fighter on Feb 14, 2022.
             Was a High Priest of Ru.
             Killed from afar by a tengu reaver (15 damage)
             ... with a bolt of negative energy
             ... on level 12 of the Dungeon.
             The game lasted 00:44:01 (22393 turns).

Sanktem7 the Severer (Minotaur Fighter)            Turns: 22393, Time: 00:44:01

HP:   -5/114 (117)  AC: 30    Str: 25    XL:     12   Next: 51%
MP:   0/9           EV: 12    Int:  5    God:    Ru [*****.]
Gold: 1054          SH:  6    Dex: 11    Spells: 11/11 levels left

rFire   + + +      SeeInvis .   B - +9 war axe of the Bruised Blessings {pain, Fly rF++}
rCold   x . .      Faith    .   c - +0 buckler
rNeg    . . .      Spirit   +   G - +1 fire dragon scales
rPois   .          Reflect  .   x - +1 hat
rElec   .          Harm     .   j - +2 cloak
rCorr   .          Rampage  .   s - +0 pair of gloves
Will    .....                   w - +1 pair of boots
Stlth   ..........              o - amulet of guardian spirit
HPRegen 0.29/turn               i - +4 ring of protection
MPRegen 0.11/turn               u - +4 ring of protection

@: flying, lightly drained
A: horns 2, low MP 1, hated by all, unskilled 1, inexperienced 1, retaliatory
headbutt
a: Renounce Religion, Sacrifice Purity, Sacrifice Artifice, Sacrifice
Experience, Reject Sacrifices, Draw Out Power, Power Leap, Apocalypse


You were on level 12 of the Dungeon.
You worshipped Ru.
Ru was extremely pleased with you.
You visited 2 branches of the dungeon, and saw 18 of its levels.

You collected 1054 gold pieces.

Inventory:

Hand Weapons
 B - the +9 war axe of the Bruised Blessings (weapon) {pain, Fly rF++}
   (You acquired it on level 9 of the Dungeon)

   In the hands of one skilled in necromantic magic, it inflicts extra damage on
   living creatures.
   rF:        It greatly protects you from fire.
   Fly:       It grants you flight.
Missiles
 k - 52 bolts
 Q - 3 throwing nets (quivered)
Armour
 c - a +0 buckler (worn)
 j - a +2 cloak (worn)
 s - a +0 pair of gloves (worn)
 w - a +1 pair of boots (worn)
 x - a +1 hat (worn)
 G - +1 fire dragon scales (worn)
 H - a scarf of resistance
 L - a +2 ring mail of cold resistance
Jewellery
 e - a ring of magical power
 f - a ring of protection from fire
 i - a +4 ring of protection (left hand)
 o - an amulet of guardian spirit (around neck)
 u - a +4 ring of protection (right hand)
 R - the ring of Luakhlej {Fire SInv Stlth+}
   (You found it on level 6 of the Lair of Beasts)

   [ring of fire]

   It enhances your fire magic.
   rF:        It protects you from fire.
   rC:        It makes you vulnerable to cold.
   SInv:      It lets you see invisible.
   Stlth:     It makes you more stealthy.
Wands
 a - a wand of flame (6)
 l - a wand of charming (9)
 z - a wand of paralysis (16)
 E - a wand of polymorph (16)
 J - a wand of iceblast (3)
 N - a wand of acid (4)
Scrolls
 g - 13 scrolls of teleportation
 h - 4 scrolls of noise
 n - 2 scrolls of magic mapping
 p - 5 scrolls of immolation
 q - a scroll of fear
 r - 2 scrolls of fog
 t - 2 scrolls of vulnerability
 D - 6 scrolls of identify
 F - a scroll of summoning
 P - a scroll of enchant armour
 S - a scroll of acquirement
Potions
 d - a potion of might
 m - 6 potions of curing
 v - a potion of lignification
 A - 2 potions of brilliance
 C - a potion of attraction
 I - a potion of haste
 K - a potion of resistance
 M - a potion of mutation {unknown}
 O - a potion of flight {unknown}
Miscellaneous
 y - a phantom mirror


   Skills:
 + Level 14.1 Fighting
 + Level 17.3 Axes
 + Level 13.0 Armour
 + Level 7.6 Dodging
 - Level 2.1 Stealth
 + Level 9.7 Shields
 + Level 0.2 Unarmed Combat


You had 11 spell levels left.
You didn't know any spells.
Your spell library contained the following spells:

 Spells                   Type           Power      Damage    Failure   Level
 Corpse Rot               Necr/Air       0%         N/A       91%         2
 Ensorcelled Hibernation  Hex/Ice        0%         N/A       91%         2
 Poisonous Vapours        Pois/Air       0%         N/A       91%         2
 Scorch                   Fire           0%         2d5       91%         2
 Frozen Ramparts          Ice            0%         1d2       99%         3
 Gell's Gravitas          Tloc           0%         N/A       99%         3
 Ignite Poison            Fire/Tmut/Pois 0%         N/A       99%         3
 Inner Flame              Hex/Fire       0%         N/A       99%         3
 Mephitic Cloud           Conj/Pois/Air  0%         N/A       99%         3
 Spider Form              Tmut/Pois      0%         N/A       99%         3
 Teleport Other           Tloc           0%         N/A       99%         3
 Anguish                  Hex/Necr       0%         N/A       100%        4
 Cause Fear               Hex            0%         N/A       100%        4
 Flame Wave               Conj/Fire      0%         2d4       100%        4
 Ice Form                 Ice/Tmut       0%         N/A       100%        4
 Borgnjor's Vile Clutch   Necr/Erth      0%         N/A       100%        5
 Freezing Cloud           Conj/Ice/Air   0%         6-21      100%        5
 Dispersal                Tloc           0%         N/A       100%        6
 Discord                  Hex            0%         N/A       100%        8
 Animate Dead             Necr           Unusable   N/A       N/A         4
 Summon Ice Beast         Ice/Summ       Unusable   N/A       N/A         4
 Death Channel            Necr           Unusable   N/A       N/A         6
 Summon Cactus Giant      Summ           Unusable   N/A       N/A         6

Dungeon Overview and Level Annotations

Branches:
Dungeon (12/15)            Temple (0/1) D:6            Lair (6/6) D:11
  Swamp (0/4) Lair:2        Snake (0/4) Lair:4        Slime (0/5) Lair:6
    Orc: D:9-12

Altars:
Ru
Jiyva

Annotations:
D:6 3 runed translucent doors, Clumpoid's ghost, amateur MiFi
D:7 2 transporters


Innate Abilities, Weirdness & Mutations

You have a pair of horns on your head.
Your magical capacity is low. (-10% MP)
You are hated by all.
You are somewhat unskilled. (-1 Apt)
You are somewhat inexperienced. (-2 XL)
You reflexively headbutt those who attack you in melee.


Message History

The tengu reaver hits you with a +0 war axe!
The tengu reaver pecks you but does no damage.
The tengu reaver barely misses you.
You barely miss the tengu reaver.
The tengu reaver is moderately wounded.
The tengu reaver hits you with a +0 war axe!!
The tengu reaver closely misses you.
The tengu reaver claws you but does no damage.
The tengu reaver blocks your attack.
The tengu reaver is moderately wounded.
The tengu reaver hits you with a +0 war axe.
* * * LOW HITPOINT WARNING * * *
The tengu reaver pecks you but does no damage.
The tengu reaver claws you but does no damage.
The tengu reaver casts a spell at you. The bolt of poison hits you!!
You are poisoned.
* * * LOW HITPOINT WARNING * * *
You feel better.
The tengu reaver hits you with a +0 war axe.
* * * LOW HITPOINT WARNING * * *
The tengu reaver pecks you but does no damage.
The tengu reaver claws you but does no damage.
You feel better.
The tengu reaver hits you with a +0 war axe!
* * * LOW HITPOINT WARNING * * *
The tengu reaver pecks you but does no damage.
The tengu reaver claws you but does no damage.
Blink to where?
Press: ? - help, Q - select action, (/) - cycle Dir - move target
As you read the scroll of blinking, it crumbles to dust.
The tengu reaver stops glowing.
That item cannot be used by those who cannot gain allies!
Things that are here:
a manticore skeleton; a basilisk skeleton The tengu reaver begins to cast a spell, but is stunned by your conviction!
Items here: ( ) ÷÷.
The tengu reaver gestures at you while chanting.
The bolt of negative energy hits you!
You feel drained.
You die...

##.## ###### ####......#.
###... #(..)# #..##.......
#$##.#####.#####..##.#####.
#.##.##.##)##.##[.##.#####.
#......Q.Q÷...##...)...^...
#.##.##.##)##.##.###..####.
####.#####.##.##.# ##†##...
#)...##...####)####..#.#.
########@#####)#.........
#(##.##.##)...#..8..#
#........'.#..##...##
#.##.##.####..######
####.#### #..# #[...# ...#
###### #.... .... [... ...J
...


You could see a tengu reaver.

Vanquished Creatures
  Kirke (Lair:4)
  The ghost of Lobster4 the Brawler, a journeyman TrMo of Wu Jian (Lair:5)
  A dire elephant (Lair:6)
  Josephine (D:11)
  3 hydras
  2 catoblepae
  3 centaur warriors
  3 two-headed ogres
  8 death yaks
  A skeletal warrior (D:12)
  A spectral anaconda (Lair:6)
  3 bog bodies (Lair:2)
  3 necromancers (Lair:6)
  An obsidian statue (Lair:6)
  2 deep elf pyromancers (D:12)
  A phantasmal warrior (D:12)
  An orc knight (D:12)
  The ghost of bmoney the Skirmisher, a novice DjCj of Ashenzari (D:5)
  3 ugly things (D:12)
  A cyclops (D:12)
  A manticore (D:12)
  A black mamba (Lair:6)
  3 dire elephant zombies (Lair:6)
  A torpor snail (Lair:3)
  13 elephants
  7 cane toads
  A kobold demonologist (D:12)
  12 komodo dragons
  3 trolls
  A polar bear (Lair:3)
  2 spectral elephants (Lair:6)
  7 dream sheep
  20 blink frogs
  10 slime creatures (D:12)
  Sigmund (D:2)
  4 wraiths
  3 shadows
  6 hogs (Lair:4)
  4 wyverns
  A steam dragon (D:8)
  4 basilisks
  22 yaks
  A death yak simulacrum (Lair:6)
  10 vampire mosquitoes
  Grum (D:11)
  A spectral cane toad (Lair:6)
  3 swamp worms (Lair:2)
  An acid dragon (D:12)
  14 water moccasins
  4 black bears
  An ice beast (D:7)
  6 orc warriors
  4 elephant zombies (Lair:6)
  3 sky beasts
  A necrophage (D:4)
  3 ogres
  5 centaurs
  16 wolves
  2 phantoms
  2 kobold brigands (D:8)
  13 bullfrogs
  A scorpion (D:5)
  A cane toad simulacrum (Lair:6)
  2 gnoll sergeants
  A wyvern zombie (D:9)
  6 killer bees (D:9)
  An electric eel (Lair:2)
  3 wights (D:8)
  A howler monkey (D:10)
  3 centaur zombies
  A bullfrog skeleton (D:7)
  4 hounds
  A jelly (D:6)
  8 orc priests
  A centaur skeleton (D:7)
  Jessica (D:2)
  Natasha (twice) (D:3)
  3 iguanas
  7 hell rats (Lair:1)
  3 orc wizards
  A killer bee zombie (D:8)
  A hound zombie (D:5)
  3 howler monkey zombies
  15 gnolls
  8 adders
  A shadow imp (D:8)
  2 ufetubi
  2 adder skeletons (D:4)
  2 worms (D:2)
  5 dart slugs
  23 orcs
  2 endoplasms (D:3)
  3 giant cockroaches
  11 goblins
  4 hobgoblins
  3 jackals (D:2)
  4 quokkas
  9 ball pythons
  4 bats
  4 frilled lizards
  16 kobolds
  4 rats (D:1)
436 creatures vanquished.

Vanquished Creatures (others)
  A dire elephant (Lair:6)
  A deep elf pyromancer (D:10)
  2 yaks (Lair:3)
  An orc wizard (D:8)
  A kobold (D:8)
  35 fungi
  24 plants
  23 withered plants (Lair:6)
88 creatures vanquished.

Grand Total: 524 creatures vanquished

Notes
Turn   | Place    | Note
-------+----------+-------------------------------------------
     0 | D:1      | Sanktem7 the Minotaur Fighter began the quest for the Orb.
     0 | D:1      | Reached XP level 1. HP: 19/19 MP: 0/0
   147 | D:1      | Reached XP level 2. HP: 22/27 MP: 1/1
   854 | D:2      | Reached XP level 3. HP: 33/33 MP: 2/2
   887 | D:2      | Noticed Jessica
   895 | D:2      | Reached skill level 3 in Axes
   900 | D:2      | Killed Jessica
  1106 | D:2      | Found a faded altar of an unknown god.
  1237 | D:2      | Noticed Sigmund
  1259 | D:2      | Killed Sigmund
  1260 | D:2      | Reached skill level 4 in Axes
  1260 | D:2      | Reached skill level 5 in Armour
  1260 | D:2      | Reached skill level 1 in Dodging
  1260 | D:2      | Reached XP level 4. HP: 21/41 MP: 3/3
  1260 | D:2      | Reached XP level 5. HP: 24/47 MP: 4/4
  1873 | D:3      | Reached skill level 5 in Axes
  1977 | D:3      | Reached XP level 6. HP: 46/53 MP: 5/5
  2376 | D:3      | Noticed Natasha
  2382 | D:3      | Killed Natasha
  2651 | D:3      | Noticed Natasha
  2654 | D:3      | Killed Natasha
  3191 | D:4      | Found a sacrificial altar of Ru.
  3213 | D:4      | Became a worshipper of Ru the Awakened
  3240 | D:4      | Reached skill level 6 in Axes
  3240 | D:4      | Reached XP level 7. HP: 47/60 MP: 6/6
  3653 | D:4      | Reached skill level 5 in Fighting
  3876 | D:5      | Entered Level 5 of the Dungeon
  3965 | D:5      | Reached skill level 7 in Axes
  4142 | D:5      | Reached XP level 8. HP: 54/68 MP: 7/7
  4391 | D:5      | Found a runed translucent door.
  4732 | D:5      | Noticed bmoney's ghost (novice DjCj)
  4748 | D:5      | Killed bmoney's ghost
  4749 | D:5      | Reached skill level 8 in Axes
  4749 | D:5      | Reached skill level 1 in Stealth
  4749 | D:5      | Reached skill level 5 in Shields
  5090 | D:6      | Found a runed translucent gate.
  5090 | D:6      | Found a runed translucent gate.
  5090 | D:6      | Found a runed translucent gate.
  5094 | D:6      | Noticed Clumpoid's ghost (amateur MiFi)
  5177 | D:6      | Gained mutation: You are somewhat inexperienced. (-2 XL)
                  | [Ru sacrifice]
  5177 | D:6      | Reached XP level 7. HP: 62/62 MP: 6/6
  5177 | D:6      | Reached XP level 6. HP: 57/57 MP: 5/5
  5177 | D:6      | Reached * piety under Ru
  5177 | D:6      | Reached ** piety under Ru
  5233 | D:6      | Reached skill level 9 in Axes
  5238 | D:6      | Found a staircase to the Ecumenical Temple.
  5430 | D:6      | Reached XP level 7. HP: 63/63 MP: 6/6
  5802 | D:7      | Reached skill level 10 in Axes
  5987 | D:7      | Found a transporter.
  5989 | D:7      | Found a transporter.
  6479 | D:8      | Reached skill level 11 in Axes
  6641 | D:8      | Reached XP level 8. HP: 22/73 MP: 3/7
  6703 | D:8      | Reached skill level 12 in Axes
  6802 | D:8      | Found the +5 robe of Night {Dark Will+ SInv}
  7104 | D:8      | Gained mutation: You are hated by all. [Ru sacrifice]
  7104 | D:8      | Reached *** piety under Ru
  8272 | D:9      | Reached skill level 5 in Dodging
  8442 | D:9      | Identified a scroll of acquirement
  8443 | D:9      | Acquired the +9 war axe of the Bruised Blessings {pain, Fly
                  | rF++}
  9084 | D:10     | Entered Level 10 of the Dungeon
  9205 | D:10     | Noticed a two-headed ogre
  9213 | D:10     | Killed a two-headed ogre
  9214 | D:10     | Reached skill level 13 in Axes
  9214 | D:10     | Reached skill level 10 in Armour
  9463 | D:10     | Noticed a centaur warrior
  9474 | D:10     | Killed a centaur warrior
  9702 | D:10     | Noticed a deep elf pyromancer
  9716 | D:10     | Reached XP level 9. HP: 72/82 MP: 6/8
  9717 | D:10     | Killed a deep elf pyromancer
 10007 | D:11     | Noticed a two-headed ogre
 10027 | D:11     | Killed a two-headed ogre
 10134 | D:11     | Gained mutation: Your magical capacity is low. (-10% MP)
                  | [Ru sacrifice]
 10134 | D:11     | Reached **** piety under Ru
 10186 | D:11     | Noticed Grum
 10221 | D:11     | Killed Grum
 10319 | D:11     | Noticed a six-headed hydra
 10341 | D:11     | Killed a 14-headed hydra
 10778 | D:11     | Found a staircase to the Lair.
 10784 | D:11     | Reached skill level 14 in Axes
 10801 | D:11     | Noticed Josephine
 10810 | D:11     | Killed Josephine
 11034 | D:11     | Noticed a two-headed ogre
 11043 | D:11     | Killed a two-headed ogre
 11407 | Lair:1   | Entered Level 1 of the Lair of Beasts
 11847 | Lair:1   | Reached skill level 10 in Fighting
 12392 | Lair:1   | Reached skill level 15 in Axes
 12839 | Lair:2   | Reached XP level 10. HP: 94/94 MP: 8/8
 13808 | Lair:2   | Found a staircase to the Swamp.
 14116 | Lair:3   | Noticed a catoblepas
 14126 | Lair:3   | Killed a catoblepas
 14165 | Lair:3   | Reached skill level 16 in Axes
 14930 | Lair:4   | Noticed Kirke
 15348 | Lair:4   | Killed Kirke
 15359 | Lair:4   | Found a staircase to the Snake Pit.
 15412 | Lair:4   | Reached skill level 17 in Axes
 15586 | Lair:4   | Reached XP level 11. HP: 99/104 MP: 8/8
 16348 | Lair:5   | Found a runed translucent door.
 16359 | Lair:5   | Noticed Lobster4's ghost (journeyman TrMo)
 17352 | Lair:5   | Gained mutation: You are somewhat unskilled. (-1 Apt) [Ru
                  | sacrifice]
 17352 | Lair:5   | Reduced skill Axes to level 16
 17352 | Lair:5   | Reached ***** piety under Ru
 17632 | Lair:5   | Killed Lobster4's ghost
 17784 | Lair:6   | Entered Level 6 of the Lair of Beasts
 18111 | Lair:6   | HP: 5/104 [poisoned by a black mamba]
 18150 | Lair:5   | HP: 4/104 [death yak (11)]
 18678 | Lair:6   | Noticed a dire elephant
 18678 | Lair:6   | Noticed a dire elephant
 18716 | Lair:6   | Found a staircase to the Slime Pits.
 19708 | Lair:6   | Reached XP level 12. HP: 30/115 MP: 3/9
 20640 | Lair:6   | Identified the ring of Luakhlej {Fire SInv Stlth+}
 21235 | D:12     | Reached skill level 17 in Axes
 22370 | D:12     | Noticed a tengu reaver
 22381 | D:12     | HP: 4/117 [tengu reaver/bolt of poison (27)]
 22393 | D:12     | Killed from afar by a tengu reaver

Illustrated notes

Levels and vault maps discovered:
D:1:      psy_arrival_radial01, layout_basic, roderic_three_in_a_row
D:2:      layout_basic, dreamdust_ecumenical_altar_hidden_monk_grotto,
          uniq_sigmund, uniq_jessica
D:3:      layout_loops_corners, serial_aquarium, aquarium_bridge_square
          [aquarium_subvault_wall, aquarium_subvault_bridge,
          aquarium_subvault_bridge, aquarium_subvault_wall],
          aquarium_bridge_straight [aquarium_subvault_bridge,
          aquarium_subvault_wall, aquarium_subvault_bridge,
          aquarium_subvault_window], aquarium_window_1, aquarium_window_3,
          aquarium_window_corner, aquarium_view_2e, aquarium_view_2e,
          aquarium_balcony_3a, aquarium_pool_1, kennysheep_decorative_pillar,
          chequers_serial_rivers_small_b, kennysheep_generic_room_12,
          uniq_natasha
D:4:      layout_cave_pods, nicolae_ru_great_annihilating_truth
D:5:      layout_loops_ring, ebering_ghost_reflecting_pool
D:6:      layout_basic, minmay_temple_entry_statues_pillars,
          gammafunk_ghost_nasty_kobolds
D:7:      gammafunk_steamed_eel, layout_basic
D:8:      layout_basic, enter_bailey_7, grunt_ministairs_11,
          hellmonk_guarded_unrand_night
D:9:      layout_cave_pods, kennysheep_generic_room_8
D:10:     layout_roguey, nicolae_figureground_sparkle
D:11:     layout_stronghold, grunt_lair_entry_orc_guard_hut,
          minmay_tree_intersection, uniq_josephine, uniq_grum
D:12:     hangedman_cross_veins, layout_basic, erik_orc_1,
          mrwooster_statue_mirror
Lair:1:   layout_gridlike
Lair:2:   layout_long_grid, nicolae_swamp_entry_splash_gauntlet
Lair:3:   layout_roguey
Lair:4:   layout_gridlike, dummy_snake_entry, uniq_kirke
Lair:5:   layout_small_grid, gauntlet_entry_generic,
          ebering_ghost_reflecting_pool, chequers_serial_rivers_small_b,
          kennysheep_catoblepas_arena
Lair:6:   due_jungle_book, layout_regular_city, slime_altar_1

Skill      XL: |  1  2  3  4  5  6  7  8  9 10 11 12 |
---------------+-------------------------------------+-----
Armour         | 4 5 8 10 11 12 12 13 | 13.0
Shields        | 4 6 7 8 9 9 |  9.7
Fighting       | 4 6 7 8 10 12 13 14 | 14.1
Axes           | 4 5 9 11 13 15 17 16 17 | 17.3
Dodging        | 1 2 3 5 6 7 |  7.6
Stealth        | 2 |  2.1
Unarmed Combat | |  0.2

Action                   |  1- 3 |  4- 6 |  7- 9 | 10-12 || total
-------------------------+-------+-------+-------+-------++-------
Melee: War axe           |    80 |    94 |   551 |   753 ||  1478
       Headbutt          |     9 |    15 |   104 |   182 ||   310
       Unarmed           |       |       |       |     6 ||     6
Invok: Sacrifice Experie |       |     1 |       |       ||     1
       Sacrifice Love    |       |       |     1 |       ||     1
       Sacrifice Essence |       |       |     1 |       ||     1
       Reject Sacrifices |       |       |     1 |       ||     1
       Sacrifice Skill   |       |       |       |     1 ||     1
  Use: Scroll            |       |       |    20 |     3 ||    23
       Potion            |       |       |       |     6 ||     6
 Stab: Paralysed         |       |     1 |       |       ||     1
       Invisible         |       |       |     1 |     1 ||     2
       Distracted        |       |       |     2 |     3 ||     5
Armor: Scale mail        |    37 |    41 |    47 |       ||   125
       Chain mail        |       |     7 |   298 |       ||   305
       Fire dragon scale |       |       |    47 |   410 ||   457
Dodge: Dodged            |    40 |    50 |   258 |   260 ||   608
Block: Buckler           |    12 |    19 |   126 |   163 ||   320
